[ AOE2 MATCH · #478582770 ]
UnrankedDravidians vs Romans
[ REPLAY ANALYSIS · EXTRACTED FROM THE RECORDED GAME ]
Feudal
13:33
Castle
17:53
Imperial
—
| APM avg | 15.6 |
| APM peak | 37 |
| eAPM avg | 11.1 |
| Villagers / military | 34 / 11 |
Focus
⚔️ 23.7% · 🌾 76.3%
Archer ×5 · Elephant Archer ×3 · Battle Elephant ×2 · Spearman ×1
Feudal
9:25
Castle
—
Imperial
—
| APM avg | 31.4 |
| APM peak | 56 |
| eAPM avg | 16.0 |
| Villagers / military | 38 / 12 |
Focus
⚔️ 31.3% · 🌾 68.7%
Skirmisher ×9 · Militia ×3
Feudal
9:05
Castle
—
Imperial
—
| APM avg | 52.5 |
| APM peak | 102 |
| eAPM avg | 21.9 |
| Villagers / military | 39 / 27 |
Focus
⚔️ 42.3% · 🌾 57.7%
Archer ×27
Feudal
9:03
Castle
20:05
Imperial
—
| APM avg | 28.6 |
| APM peak | 74 |
| eAPM avg | 13.5 |
| Villagers / military | 38 / 10 |
Focus
⚔️ 34.4% · 🌾 65.6%
Scout Cavalry ×8 · Spearman ×2
Feudal
9:46
Castle
—
Imperial
—
| APM avg | 42.1 |
| APM peak | 78 |
| eAPM avg | 14.5 |
| Villagers / military | 51 / 6 |
Focus
⚔️ 16.3% · 🌾 83.7%
Scout Cavalry ×6
Feudal
11:47
Castle
17:46
Imperial
—
| APM avg | 28.5 |
| APM peak | 52 |
| eAPM avg | 10.1 |
| Villagers / military | 30 / 3 |
Focus
⚔️ 14.4% · 🌾 85.6%
Knight ×3
Match map
Initial resources + every placement click. Lines = walls · curves = elevation contours. ◆ gold · ⬟ stone · ● berries · ✦ relic · ◌ wall gap
Your base· ✓ Closed at 17:53 · 44t walls · 1 gate(s)
TarryMoney's base· Open — unwalled flank
Quando's base· Open — 5t gap
LA_12_FPS's base· ✓ Closed at 20:05 · 56t walls · no gate
Yoyi's base· Open — 9t gap
Fr4ggi's base· ✓ Closed at 17:46 · 48t walls · 1 gate(s)
Smoothed initial terrain · ◌ = detected wall gap · hover for details
Inputs per minute
— Relief - - TarryMoney
Build order — Relief
95 actions detected in the replay
| 0:01 | Queue | Villager (Male) |
| 0:01 | Queue | Villager (Male) |
| 0:04 | Build | House |
| 0:05 | Build | House |
| 0:25 | Queue | Villager (Male) |
| 0:25 | Queue | Villager (Male) |
| 1:28 | Queue | Villager (Male) |
| 1:52 | Build | Lumber Camp |
| 2:04 | Queue | Villager (Male) |
| 2:20 | Queue | Villager (Male) |
| 2:59 | Queue | Villager (Male) |
| 3:18 | Queue | Villager (Male) |
| 3:34 | Queue | Villager (Male) |
| 3:50 | Queue | Villager (Male) |
| 3:55 | Build | House |
| 4:26 | Build | Mill |
| 4:37 | Queue | Villager (Male) |
| 4:44 | Build | House |
| 5:05 | Queue | Villager (Male) |
| 5:20 | Build | Palisade Wall |
| 5:22 | Queue | Villager (Male) |
| 5:55 | Queue | Villager (Male) |
| 6:05 | Queue | Villager (Male) |
| 6:16 | Build | Palisade Wall |
| 6:17 | Build | Palisade Wall |
| 6:20 | Queue | Villager (Male) |
| 6:40 | Build | Farm |
| 6:42 | Queue | Villager (Male) |
| 6:48 | Build | Farm |
| 6:49 | Queue | Villager (Male) |
| 7:16 | Build | House |
| 7:24 | Build | Lumber Camp |
| 7:28 | Queue | Villager (Male) |
| 7:50 | Build | Palisade Wall |
| 8:04 | Build | Palisade Wall |
| 8:08 | Queue | Villager (Male) |
| 8:43 | Queue | Villager (Male) |
| 8:49 | Build | Palisade Wall |
| 8:57 | Build | Palisade Gate |
| 9:06 | Queue | Villager (Male) |
| 9:08 | Queue | Villager (Male) |
| 9:14 | Build | Palisade Wall |
| 9:34 | Build | Mining Camp |
| 9:57 | Build | Barracks |
| 10:06 | Research | Loom |
| 10:17 | Queue | Villager (Male) |
| 10:52 | Build | Palisade Wall |
| 10:58 | Queue | Villager (Male) |
| 10:59 | Research | Feudal Age |
| 11:51 | Build | House |
| 11:56 | Build | Farm |
| 12:00 | Build | Farm |
| 12:09 | Build | Farm |
| 12:13 | Build | Farm |
| 12:16 | Build | Farm |
| 12:20 | Build | Farm |
| 13:19 | Queue | Villager (Male) |
| 13:19 | Queue | Villager (Male) |
| 13:33 | Age | Feudal Age |
| 13:36 | Build | Blacksmith |
| 13:41 | Build | Stable |
| 14:09 | Build | House |
| 14:36 | Build | Archery Range |
| 14:45 | Research | Double-Bit Axe |
| 15:13 | Research | Castle Age |
| 15:33 | Build | House |
| 15:47 | Build | House |
| 15:52 | Build | House |
| 16:03 | Build | House |
| 16:05 | Queue | Archer |
| 16:06 | Queue | Archer |
| 16:13 | Research | Fletching |
| 16:15 | Queue | Villager (Male) |
| 16:23 | Research | Horse Collar |
| 16:31 | Build | Farm |
| 16:39 | Queue | Archer |
| 17:18 | Build | Archery Range |
| 17:31 | Queue | Archer |
| 17:31 | Queue | Archer |
| 17:53 | Age | Castle Age |
| 17:59 | Build | Mining Camp |
| 18:12 | Queue | Elephant Archer |
| 18:13 | Queue | Elephant Archer |
| 18:17 | Queue | Villager (Male) |
| 18:27 | Build | Town Center |
| 18:34 | Queue | Villager (Male) |
| 18:35 | Queue | Villager (Male) |
| 18:46 | Queue | Spearman |
| 18:52 | Queue | Battle Elephant |
| 19:05 | Build | Palisade Wall |
| 19:06 | Build | Palisade Wall |
| 19:14 | Queue | Battle Elephant |
| 19:19 | Queue | Villager (Male) |
| 19:53 | Queue | Villager (Male) |
| 20:06 | Queue | Elephant Archer |
Build order — TarryMoney
96 actions detected in the replay
| 0:02 | Queue | Villager (Male) |
| 0:02 | Queue | Villager (Male) |
| 0:03 | Queue | Villager (Male) |
| 0:03 | Queue | Villager (Male) |
| 0:04 | Build | House |
| 0:05 | Build | House |
| 1:30 | Queue | Villager (Male) |
| 1:49 | Queue | Villager (Male) |
| 1:59 | Build | Lumber Camp |
| 2:21 | Queue | Villager (Male) |
| 2:33 | Queue | Villager (Male) |
| 3:08 | Queue | Villager (Male) |
| 3:55 | Queue | Villager (Male) |
| 3:58 | Build | House |
| 4:12 | Queue | Villager (Male) |
| 4:27 | Queue | Villager (Male) |
| 4:50 | Queue | Villager (Male) |
| 5:05 | Queue | Villager (Male) |
| 5:28 | Build | Barracks |
| 5:30 | Build | House |
| 5:51 | Queue | Villager (Male) |
| 5:51 | Queue | Villager (Male) |
| 5:54 | Research | Loom |
| 6:00 | Queue | Villager (Male) |
| 6:13 | Queue | Villager (Male) |
| 6:38 | Research | Loom |
| 7:15 | Research | Feudal Age |
| 7:31 | Build | Mill |
| 7:45 | Queue | Militia |
| 7:51 | Build | Mining Camp |
| 8:17 | Queue | Militia |
| 8:44 | Queue | Militia |
| 9:25 | Age | Feudal Age |
| 9:35 | Research | Man-at-Arms (upgrade) |
| 9:44 | Queue | Villager (Male) |
| 9:57 | Build | Blacksmith |
| 10:14 | Queue | Villager (Male) |
| 10:51 | Build | Farm |
| 10:51 | Build | Farm |
| 10:51 | Build | Farm |
| 10:52 | Build | Farm |
| 10:52 | Build | Farm |
| 10:52 | Build | Farm |
| 10:54 | Queue | Villager (Male) |
| 11:10 | Build | House |
| 11:21 | Research | Scale Mail Armor |
| 11:27 | Build | Farm |
| 11:35 | Build | Watch Tower |
| 11:52 | Build | House |
| 11:55 | Queue | Villager (Male) |
| 12:22 | Queue | Villager (Male) |
| 12:29 | Build | Palisade Wall |
| 12:35 | Queue | Villager (Male) |
| 12:45 | Research | Double-Bit Axe |
| 12:48 | Queue | Villager (Male) |
| 13:00 | Build | Archery Range |
| 13:13 | Queue | Villager (Male) |
| 13:20 | Build | Farm |
| 13:33 | Build | House |
| 13:36 | Build | Palisade Wall |
| 13:37 | Queue | Villager (Male) |
| 13:46 | Build | Farm |
| 13:51 | Queue | Villager (Male) |
| 13:56 | Queue | Skirmisher |
| 14:08 | Build | House |
| 14:17 | Queue | Villager (Male) |
| 14:22 | Queue | Skirmisher |
| 14:27 | Build | Farm |
| 14:39 | Queue | Skirmisher |
| 14:41 | Queue | Villager (Male) |
| 15:05 | Build | Farm |
| 15:05 | Queue | Villager (Male) |
| 15:07 | Queue | Skirmisher |
| 15:39 | Queue | Skirmisher |
| 15:46 | Build | Farm |
| 15:48 | Build | Farm |
| 16:06 | Research | Fletching |
| 16:17 | Queue | Villager (Male) |
| 16:20 | Queue | Skirmisher |
| 16:39 | Build | Market |
| 16:40 | Queue | Villager (Male) |
| 16:42 | Build | House |
| 16:57 | Queue | Villager (Male) |
| 17:33 | Build | Farm |
| 17:34 | Build | Farm |
| 17:37 | Queue | Skirmisher |
| 17:37 | Queue | Skirmisher |
| 17:44 | Build | Farm |
| 17:50 | Queue | Villager (Male) |
| 18:36 | Queue | Villager (Male) |
| 18:41 | Build | House |
| 19:04 | Queue | Skirmisher |
| 19:14 | Build | House |
| 19:24 | Queue | Villager (Male) |
| 19:49 | Build | Lumber Camp |
| 19:58 | Queue | Villager (Male) |
Build order — Quando
122 actions detected in the replay
| 0:00 | Queue | Villager (Male) |
| 0:01 | Queue | Villager (Male) |
| 0:01 | Queue | Villager (Male) |
| 0:01 | Queue | Villager (Male) |
| 0:02 | Build | House |
| 0:03 | Build | House |
| 1:37 | Queue | Villager (Male) |
| 1:37 | Queue | Villager (Male) |
| 1:44 | Build | Lumber Camp |
| 2:01 | Queue | Villager (Male) |
| 2:16 | Queue | Villager (Male) |
| 2:17 | Queue | Villager (Male) |
| 2:50 | Queue | Villager (Male) |
| 3:04 | Queue | Villager (Male) |
| 3:34 | Build | House |
| 3:44 | Queue | Villager (Male) |
| 3:44 | Queue | Villager (Male) |
| 4:26 | Queue | Villager (Male) |
| 4:42 | Queue | Villager (Male) |
| 5:07 | Queue | Villager (Male) |
| 5:33 | Build | Mining Camp |
| 5:48 | Queue | Villager (Male) |
| 5:48 | Queue | Villager (Male) |
| 6:55 | Research | Feudal Age |
| 6:56 | Research | Loom |
| 7:38 | Build | House |
| 7:39 | Build | Palisade Wall |
| 7:43 | Build | Palisade Wall |
| 7:52 | Build | Barracks |
| 8:18 | Build | Palisade Gate |
| 9:05 | Age | Feudal Age |
| 9:12 | Build | Archery Range |
| 9:18 | Queue | Villager (Male) |
| 9:24 | Build | Archery Range |
| 9:40 | Build | House |
| 9:47 | Queue | Villager (Male) |
| 9:54 | Build | Mill |
| 9:58 | Queue | Villager (Male) |
| 10:06 | Research | Double-Bit Axe |
| 10:17 | Build | House |
| 10:23 | Queue | Archer |
| 10:23 | Queue | Archer |
| 10:32 | Build | Palisade Wall |
| 10:35 | Build | Palisade Wall |
| 10:38 | Build | Palisade Wall |
| 10:43 | Queue | Villager (Male) |
| 10:44 | Queue | Archer |
| 10:44 | Queue | Archer |
| 10:53 | Build | Palisade Wall |
| 10:53 | Build | Palisade Wall |
| 10:54 | Build | Palisade Wall |
| 10:55 | Queue | Archer |
| 11:00 | Build | House |
| 11:06 | Build | Palisade Wall |
| 11:07 | Queue | Archer |
| 11:23 | Queue | Villager (Male) |
| 11:36 | Build | Palisade Wall |
| 11:41 | Build | Blacksmith |
| 11:53 | Build | Farm |
| 12:00 | Queue | Villager (Male) |
| 12:10 | Queue | Archer |
| 12:10 | Queue | Archer |
| 12:28 | Build | House |
| 12:28 | Build | Palisade Wall |
| 12:29 | Build | Palisade Wall |
| 12:36 | Build | Palisade Wall |
| 12:42 | Queue | Villager (Male) |
| 12:43 | Queue | Archer |
| 13:03 | Build | House |
| 13:06 | Queue | Villager (Male) |
| 13:09 | Build | Farm |
| 13:12 | Queue | Archer |
| 13:27 | Queue | Villager (Male) |
| 13:51 | Build | Farm |
| 13:53 | Build | Farm |
| 13:58 | Queue | Villager (Male) |
| 14:05 | Build | Farm |
| 14:10 | Research | Fletching |
| 14:20 | Build | Farm |
| 14:32 | Build | House |
| 14:37 | Queue | Villager (Male) |
| 14:38 | Queue | Archer |
| 14:39 | Queue | Archer |
| 14:52 | Queue | Villager (Male) |
| 14:54 | Queue | Archer |
| 15:10 | Queue | Villager (Male) |
| 15:21 | Queue | Villager (Male) |
| 15:22 | Queue | Archer |
| 15:22 | Queue | Archer |
| 15:51 | Queue | Villager (Male) |
| 15:52 | Queue | Villager (Male) |
| 16:03 | Queue | Villager (Male) |
| 16:04 | Queue | Archer |
| 16:04 | Queue | Archer |
| 16:11 | Build | Market |
| 16:16 | Queue | Archer |
| 16:40 | Queue | Archer |
| 16:47 | Build | Farm |
| 16:59 | Queue | Archer |
| 17:35 | Queue | Villager (Male) |
| 17:37 | Queue | Archer |
| 17:48 | Build | House |
| 17:49 | Build | House |
| 17:50 | Build | House |
| 17:51 | Build | House |
| 17:58 | Queue | Archer |
| 17:58 | Queue | Archer |
| 17:59 | Queue | Villager (Male) |
| 18:03 | Build | House |
| 18:04 | Build | House |
| 18:07 | Build | Farm |
| 18:08 | Build | Farm |
| 18:17 | Research | Wheelbarrow |
| 19:30 | Queue | Archer |
| 19:30 | Queue | Archer |
| 19:31 | Queue | Villager (Male) |
| 19:36 | Build | Archery Range |
| 19:44 | Build | Palisade Wall |
| 19:54 | Queue | Archer |
| 19:54 | Queue | Archer |
| 20:18 | Queue | Villager (Male) |
| 20:25 | Build | Lumber Camp |
Build order — LA_12_FPS
96 actions detected in the replay
| 0:01 | Queue | Villager (Male) |
| 0:01 | Queue | Villager (Male) |
| 0:02 | Build | House |
| 0:03 | Build | House |
| 0:12 | Queue | Villager (Male) |
| 0:12 | Queue | Villager (Male) |
| 0:12 | Queue | Villager (Male) |
| 0:13 | Queue | Villager (Male) |
| 1:38 | Queue | Villager (Male) |
| 1:38 | Queue | Villager (Male) |
| 1:45 | Build | Lumber Camp |
| 1:49 | Queue | Villager (Male) |
| 1:50 | Queue | Villager (Male) |
| 2:25 | Queue | Villager (Male) |
| 2:25 | Queue | Villager (Male) |
| 2:42 | Queue | Villager (Male) |
| 3:00 | Queue | Villager (Male) |
| 3:01 | Queue | Villager (Male) |
| 3:35 | Queue | Villager (Male) |
| 3:35 | Queue | Villager (Male) |
| 3:51 | Build | House |
| 3:52 | Build | House |
| 3:53 | Build | Palisade Wall |
| 4:33 | Queue | Villager (Male) |
| 4:33 | Queue | Villager (Male) |
| 4:34 | Queue | Villager (Male) |
| 5:58 | Build | Mill |
| 6:23 | Queue | Villager (Male) |
| 6:23 | Queue | Villager (Male) |
| 6:26 | Research | Loom |
| 6:48 | Build | Barracks |
| 6:53 | Research | Feudal Age |
| 8:56 | Queue | Villager (Male) |
| 8:56 | Queue | Villager (Male) |
| 9:03 | Age | Feudal Age |
| 9:06 | Build | Stable |
| 9:16 | Queue | Villager (Male) |
| 10:24 | Queue | Scout Cavalry |
| 10:24 | Queue | Scout Cavalry |
| 10:24 | Queue | Scout Cavalry |
| 10:25 | Queue | Villager (Male) |
| 10:25 | Queue | Villager (Male) |
| 10:25 | Queue | Villager (Male) |
| 10:32 | Build | House |
| 10:36 | Build | Palisade Wall |
| 10:58 | Queue | Spearman |
| 11:13 | Queue | Villager (Male) |
| 11:17 | Research | Double-Bit Axe |
| 11:18 | Research | Horse Collar |
| 12:04 | Queue | Villager (Male) |
| 12:06 | Build | Farm |
| 12:06 | Build | Farm |
| 12:07 | Build | Farm |
| 12:07 | Build | Farm |
| 12:11 | Build | Farm |
| 12:14 | Build | Farm |
| 12:17 | Queue | Villager (Male) |
| 12:29 | Build | House |
| 12:32 | Build | Palisade Wall |
| 12:34 | Build | Palisade Wall |
| 13:12 | Build | Market |
| 13:13 | Queue | Villager (Male) |
| 13:14 | Queue | Villager (Male) |
| 13:20 | Build | Farm |
| 13:21 | Build | Farm |
| 13:21 | Build | Farm |
| 13:23 | Queue | Villager (Male) |
| 13:25 | Queue | Villager (Male) |
| 14:09 | Build | House |
| 14:11 | Build | Palisade Wall |
| 14:18 | Build | Farm |
| 14:19 | Build | Farm |
| 14:22 | Build | Farm |
| 14:24 | Build | Farm |
| 14:25 | Build | Farm |
| 14:44 | Build | Mining Camp |
| 14:53 | Build | Farm |
| 15:15 | Queue | Spearman |
| 16:07 | Build | Farm |
| 16:08 | Build | Farm |
| 16:15 | Build | Palisade Wall |
| 16:17 | Build | Palisade Wall |
| 16:28 | Build | Farm |
| 16:59 | Queue | Villager (Male) |
| 17:25 | Research | Castle Age |
| 18:24 | Build | House |
| 18:25 | Build | House |
| 19:04 | Build | Stable |
| 19:07 | Research | Bloodlines |
| 19:21 | Build | Blacksmith |
| 19:53 | Queue | Villager (Male) |
| 19:54 | Queue | Villager (Male) |
| 20:05 | Queue | Scout Cavalry ×5 |
| 20:05 | Age | Castle Age |
| 20:09 | Research | Forging |
| 20:12 | Build | House |
Build order — Yoyi
108 actions detected in the replay
| 0:02 | Build | House |
| 0:04 | Build | House |
| 0:05 | Queue | Villager (Male) ×4 |
| 1:38 | Queue | Villager (Male) |
| 1:38 | Queue | Villager (Male) |
| 2:01 | Queue | Villager (Male) |
| 2:01 | Queue | Villager (Male) |
| 2:21 | Queue | Villager (Male) |
| 2:21 | Queue | Villager (Male) |
| 2:22 | Queue | Villager (Male) |
| 2:45 | Queue | Villager (Male) |
| 2:45 | Queue | Villager (Male) |
| 2:46 | Queue | Villager (Male) |
| 3:08 | Build | House |
| 3:20 | Queue | Villager (Male) |
| 3:20 | Queue | Villager (Male) |
| 3:29 | Build | Mill |
| 3:45 | Queue | Villager (Male) |
| 4:00 | Queue | Villager (Male) |
| 4:00 | Queue | Villager (Male) |
| 4:01 | Queue | Villager (Male) |
| 4:01 | Queue | Villager (Male) |
| 4:20 | Queue | Villager (Male) |
| 4:21 | Queue | Villager (Male) |
| 4:21 | Queue | Villager (Male) |
| 4:51 | Queue | Villager (Male) |
| 4:51 | Queue | Villager (Male) |
| 4:51 | Queue | Villager (Male) |
| 4:51 | Queue | Villager (Male) |
| 4:52 | Queue | Villager (Male) |
| 5:37 | Build | Mule Cart |
| 5:49 | Build | House |
| 5:53 | Queue | Villager (Male) |
| 6:00 | Queue | Villager (Male) |
| 6:35 | Queue | Villager (Male) |
| 6:45 | Research | Loom |
| 7:23 | Build | Barracks |
| 7:36 | Research | Feudal Age |
| 7:37 | Research | Feudal Age |
| 8:07 | Queue | Villager (Male) |
| 8:24 | Build | Palisade Wall |
| 9:37 | Build | House |
| 9:46 | Age | Feudal Age |
| 9:49 | Build | Stable |
| 10:34 | Queue | Villager (Male) |
| 10:48 | Build | Farm |
| 10:50 | Queue | Scout Cavalry |
| 10:50 | Queue | Scout Cavalry |
| 10:56 | Queue | Villager (Male) |
| 10:58 | Research | Double-Bit Axe |
| 11:16 | Build | Farm |
| 11:19 | Research | Horse Collar |
| 11:20 | Research | Horse Collar |
| 11:22 | Build | House |
| 11:40 | Build | Farm |
| 11:40 | Queue | Villager (Male) |
| 12:06 | Build | Mule Cart |
| 12:07 | Build | Palisade Wall |
| 12:10 | Build | Palisade Wall |
| 12:13 | Build | Farm |
| 12:13 | Queue | Villager (Male) |
| 12:18 | Build | Farm |
| 12:24 | Queue | Scout Cavalry |
| 12:26 | Queue | Villager (Male) |
| 12:30 | Build | Farm |
| 12:43 | Build | Farm |
| 12:48 | Queue | Villager (Male) |
| 13:06 | Build | Blacksmith |
| 13:08 | Queue | Villager (Male) |
| 13:33 | Build | Farm |
| 13:46 | Queue | Villager (Male) |
| 13:57 | Build | House |
| 14:19 | Queue | Villager (Male) |
| 14:21 | Build | Farm |
| 14:24 | Queue | Scout Cavalry |
| 14:24 | Queue | Scout Cavalry |
| 14:39 | Build | House |
| 14:41 | Build | House |
| 14:42 | Queue | Villager (Male) |
| 14:47 | Build | Farm |
| 14:48 | Build | Farm |
| 14:51 | Queue | Villager (Male) |
| 15:21 | Build | Market |
| 15:24 | Build | House |
| 15:26 | Queue | Villager (Male) |
| 15:47 | Build | Farm |
| 15:50 | Queue | Villager (Male) |
| 16:20 | Queue | Villager (Male) |
| 16:23 | Build | Farm |
| 16:27 | Build | Mule Cart |
| 16:53 | Queue | Villager (Male) |
| 16:55 | Build | Farm |
| 17:02 | Build | Farm |
| 17:05 | Queue | Villager (Male) |
| 17:20 | Build | House |
| 17:22 | Build | House |
| 17:29 | Queue | Villager (Male) |
| 17:32 | Build | Farm |
| 18:04 | Research | Castle Age |
| 18:22 | Build | Farm |
| 18:37 | Build | House |
| 18:39 | Build | House |
| 18:42 | Research | Scale Barding Armor |
| 19:09 | Research | Bloodlines |
| 19:55 | Research | Forging |
| 19:57 | Queue | Scout Cavalry |
| 20:06 | Build | Palisade Gate |
| 20:09 | Queue | Villager (Male) |
Build order — Fr4ggi
88 actions detected in the replay
| 0:03 | Queue | Villager (Male) |
| 0:05 | Build | House |
| 0:07 | Build | House |
| 0:09 | Queue | Villager (Male) |
| 0:09 | Queue | Villager (Male) |
| 0:32 | Queue | Villager (Male) |
| 1:30 | Queue | Villager (Male) |
| 1:45 | Build | Lumber Camp |
| 1:46 | Queue | Villager (Male) |
| 2:09 | Queue | Villager (Male) |
| 2:34 | Queue | Villager (Male) |
| 3:12 | Queue | Villager (Male) |
| 3:36 | Queue | Villager (Male) |
| 3:45 | Build | House |
| 4:19 | Queue | Villager (Male) |
| 4:19 | Queue | Villager (Male) |
| 4:36 | Build | Mill |
| 4:42 | Queue | Villager (Male) |
| 4:57 | Queue | Villager (Male) |
| 5:31 | Queue | Villager (Male) |
| 5:31 | Queue | Villager (Male) |
| 5:31 | Queue | Villager (Male) |
| 5:48 | Build | House |
| 6:08 | Queue | Villager (Male) |
| 6:35 | Queue | Villager (Male) |
| 6:50 | Queue | Villager (Male) |
| 7:04 | Queue | Villager (Male) |
| 7:21 | Build | Palisade Wall |
| 7:39 | Build | Palisade Wall |
| 7:53 | Build | House |
| 8:32 | Queue | Villager (Male) |
| 8:32 | Queue | Villager (Male) |
| 8:32 | Queue | Villager (Male) |
| 8:56 | Build | Palisade Wall |
| 9:11 | Build | Mining Camp |
| 9:25 | Research | Feudal Age |
| 9:37 | Build | Barracks |
| 9:53 | Build | Palisade Wall |
| 10:09 | Build | Farm |
| 10:15 | Build | Farm |
| 10:20 | Build | Farm |
| 10:50 | Build | Farm |
| 11:04 | Build | House |
| 11:20 | Build | House |
| 11:32 | Build | Palisade Gate |
| 11:36 | Build | Farm |
| 11:39 | Queue | Villager (Male) |
| 11:47 | Age | Feudal Age |
| 11:58 | Build | Farm |
| 12:04 | Build | Farm |
| 12:09 | Queue | Villager (Male) |
| 12:17 | Build | Stable |
| 12:21 | Queue | Villager (Male) |
| 12:39 | Build | Farm |
| 13:03 | Build | Farm |
| 13:04 | Queue | Villager (Male) |
| 13:25 | Build | Blacksmith |
| 13:33 | Build | House |
| 13:36 | Build | House |
| 13:55 | Build | House |
| 14:07 | Build | House |
| 14:11 | Build | Farm |
| 14:19 | Build | House |
| 14:32 | Build | House |
| 14:42 | Build | Farm |
| 14:46 | Build | House |
| 14:59 | Build | House |
| 15:01 | Build | House |
| 15:20 | Research | Castle Age |
| 15:46 | Build | Lumber Camp |
| 16:29 | Research | Bloodlines |
| 16:35 | Build | Farm |
| 16:56 | Build | Stone Wall |
| 17:07 | Build | House |
| 17:30 | Research | Scale Barding Armor |
| 17:44 | Research | Double-Bit Axe |
| 17:46 | Age | Castle Age |
| 17:50 | Queue | Knight |
| 18:18 | Queue | Knight |
| 18:45 | Research | Forging |
| 19:52 | Build | Palisade Gate |
| 20:04 | Build | Farm |
| 20:06 | Build | Farm |
| 20:06 | Queue | Villager (Male) |
| 20:07 | Queue | Villager (Male) |
| 20:10 | Queue | Knight |
| 20:25 | Research | Horse Collar |
| 20:28 | Research | Bow Saw |
Match timeline
| 3:53 | LA_12_FPS · wall_segment Palisade Wall x1 |
| 5:20 | Relief · wall_segment Palisade Wall x8 |
| 5:28 | TarryMoney · first_building Barracks |
| 6:16 | Relief · wall_segment Palisade Wall x10 |
| 6:17 | Relief · wall_segment Palisade Wall x1 |
| 6:48 | LA_12_FPS · first_building Barracks |
| 7:21 | Fr4ggi · wall_segment Palisade Wall x12 |
| 7:23 | Yoyi · first_building Barracks |
| 7:39 | Quando · wall_segment Palisade Wall x1 |
| 7:39 | Fr4ggi · wall_segment Palisade Wall x6 |
| 7:43 | Quando · wall_segment Palisade Wall x1 |
| 7:50 | Relief · wall_segment Palisade Wall x6 |
| 7:52 | Quando · first_building Barracks |
| 8:04 | Relief · wall_segment Palisade Wall x6 |
| 8:24 | Yoyi · wall_segment Palisade Wall x5 |
| 8:49 | Relief · wall_segment Palisade Wall x3 |
| 8:56 | Fr4ggi · wall_segment Palisade Wall x9 |
| 9:03 | LA_12_FPS · age_up feudal |
| 9:05 | Quando · age_up feudal |
| 9:06 | LA_12_FPS · first_building Stable |
| 9:12 | Quando · first_building Archery Range |
| 9:14 | Relief · wall_segment Palisade Wall x5 |
| 9:25 | TarryMoney · age_up feudal |
| 9:37 | Fr4ggi · first_building Barracks |
| 9:46 | Yoyi · age_up feudal |
| 9:49 | Yoyi · first_building Stable |
| 9:53 | Fr4ggi · wall_segment Palisade Wall x20 |
| 9:57 | Relief · first_building Barracks |
| 10:32 | Quando · wall_segment Palisade Wall x1 |
| 10:35 | Quando · wall_segment Palisade Wall x1 |
| 10:36 | LA_12_FPS · wall_segment Palisade Wall x11 |
| 10:38 | Quando · wall_segment Palisade Wall x1 |
| 10:52 | Relief · wall_segment Palisade Wall x6 |
| 10:53 | Quando · wall_segment Palisade Wall x1 |
| 10:53 | Quando · wall_segment Palisade Wall x1 |
| 10:54 | Quando · wall_segment Palisade Wall x1 |
| 11:06 | Quando · wall_segment Palisade Wall x4 |
| 11:36 | Quando · wall_segment Palisade Wall x5 |
| 11:47 | Fr4ggi · age_up feudal |
| 12:07 | Yoyi · wall_segment Palisade Wall x1 |
| 12:10 | Yoyi · wall_segment Palisade Wall x1 |
| 12:17 | Fr4ggi · first_building Stable |
| 12:28 | Quando · wall_segment Palisade Wall x1 |
| 12:29 | Quando · wall_segment Palisade Wall x1 |
| 12:29 | TarryMoney · wall_segment Palisade Wall x5 |
| 12:32 | LA_12_FPS · wall_segment Palisade Wall x10 |
| 12:34 | LA_12_FPS · wall_segment Palisade Wall x16 |
| 12:36 | Quando · wall_segment Palisade Wall x9 |
| 13:00 | TarryMoney · first_building Archery Range |
| 13:33 | Relief · age_up feudal |
| 13:36 | TarryMoney · wall_segment Palisade Wall x6 |
| 13:41 | Relief · first_building Stable |
| 14:11 | LA_12_FPS · wall_segment Palisade Wall x16 |
| 14:36 | Relief · first_building Archery Range |
| 16:15 | LA_12_FPS · wall_segment Palisade Wall x1 |
| 16:17 | LA_12_FPS · wall_segment Palisade Wall x1 |
| 16:56 | Fr4ggi · wall_segment Stone Wall x1 |
| 16:58 | Yoyi · first_market_sell 500 wood |
| 16:59 | Yoyi · first_market_buy 100 food |
| 17:46 | Fr4ggi · age_up castle |
| 17:53 | Relief · age_up castle |
| 18:22 | TarryMoney · first_market_sell 100 wood |
| 18:24 | TarryMoney · first_market_buy 100 food |
| 19:05 | Relief · wall_segment Palisade Wall x1 |
| 19:06 | Relief · wall_segment Palisade Wall x1 |
| 19:44 | Quando · wall_segment Palisade Wall x1 |
| 20:05 | LA_12_FPS · age_up castle |
| 20:10 | TarryMoney · resign |
| 20:22 | Quando · first_market_buy 100 wood |
[ AI ANALYSIS · 1 CREDIT ]
What really happened in this match?
Wolo.gg analyzes every decision: build order, eco, micro, common mistakes by bracket. Personalized analysis on WhatsApp or Discord in 30 seconds.
Civ guide
Dravidians
Perfil
Jugador #2141671